AoeStats
← cihuncihome

Arena

510307648Analyzed
3v3 RM · 21h ago on Sep 30, 2026· 51m 2s· 6 players
Game mode
Random Map
Map size
Normal (6 player)
Population
200
Speed
Normal
Resources
Standard
Victory
Conquest
Starting age
Dark Age
Ending age
Imperial Age
RankedLock teamsTeams togetherTeam positionsShared explorationLock speedFull tech treeHidden civsTurbo modeCheats
Victory
Defeat
🇬🇧 Varangians · United Kingdom
1127
+18
🇨🇳 Huns · China
1088
+19
🇹🇷 Khmer · Türkiye
1033
+21
🇹🇼 Persians · Taiwan
1196
-21
🇹🇼 Bulgarians · Taiwan
1174
-20
🇹🇼 Bohemians · Taiwan
1098
-17
cihuncihome
12:24 Feudal Age
13:54 Double-Bit Axe
16:29 Castle Age
14:21 Horse Collar
15:49 Stone Mining
21:03 Gold Mining
26:23 Bloodlines
29:34 Husbandry
29:41 Scale Barding Armor
31:15 Heavy Plow
31:26 Bow Saw
35:03 Wheelbarrow
34:15 Loom
37:45 Imperial Age
35:46 Squires
35:32 Arson
36:09 Forging
38:15 Iron Casting
37:21 Pikeman
38:09 Halberdier
39:59 Blast Furnace
40:51 Two-Man Saw
40:34 Scale Mail Armor
42:43 Conscription
42:26 Marauders
42:53 Chain Mail Armor
44:32 Chain Barding Armor
44:34 Elite Tarkan
47:59 Plate Barding Armor
48:10 Gold Shaft Mining
i.yildirim35
10:13 Feudal Age
10:48 Double-Bit Axe
16:58 Loom
Cheesepuffs1897
10:08 Feudal Age
13:42 Castle Age
11:55 Double-Bit Axe
12:15 Horse Collar
14:45 Bow Saw
14:37 Heavy Plow
20:56 Wheelbarrow
20:07 Loom
20:08 Town Watch
21:54 Hand Cart
23:11 Stone Mining
23:12 Gold Mining
25:30 Scale Barding Armor
25:35 Forging
26:09 Bloodlines
25:59 Husbandry
27:31 Chain Barding Armor
28:00 Stone Shaft Mining
28:08 Iron Casting
31:48 Imperial Age
30:30 Gambesons
30:45 Squires
30:31 Arson
30:51 Scale Mail Armor
31:53 Chain Mail Armor
32:07 Elite Varangian Guard
33:33 Plate Mail Armor
33:53 Conscription
35:09 Blast Furnace
33:48 Gothikon
35:51 Pikeman
40:47 Crop Rotation
41:20 Two-Man Saw
40:15 Fletching
42:29 Coinage
44:05 Bodkin Arrow
44:46 Plate Barding Armor
46:53 Banking
48:45 Halberdier
51:01 Bracer
mishi3222
5:39 Loom
9:41 Feudal Age
17:47 Fletching
28:47 Castle Age
29:01 Forging
29:23 Double-Bit Axe
29:24 Horse Collar
29:12 Pikeman
30:50 Squires
41:15 Imperial Age
41:23 Chemistry
41:16 Wheelbarrow
43:01 Conscription
44:50 Iron Casting
44:16 Scale Mail Armor
45:37 Wagenburg Tactics
49:13 Halberdier
Mew 69
10:37 Feudal Age
9:57 Loom
15:16 Castle Age
13:30 Horse Collar
14:31 Double-Bit Axe
17:18 Bow Saw
21:46 Wheelbarrow
24:59 Heavy Plow
24:52 Gold Mining
27:57 Imperial Age
26:30 Hand Cart
26:57 Bloodlines
26:49 Husbandry
27:02 Squires
26:50 Town Watch
27:37 Husbandry
27:51 Scale Barding Armor
27:49 Stone Mining
28:19 Gambesons
27:58 Pikeman
29:08 Forging
29:50 Gold Shaft Mining
29:47 Conscription
30:54 Iron Casting
30:10 Heavy Camel Rider
30:22 Halberdier
32:37 Blast Furnace
32:47 Scale Mail Armor
33:07 Chain Barding Armor
33:04 Padded Archer Armor
34:29 Ballistics
34:51 Stone Shaft Mining
33:55 Light Cavalry
34:05 Crossbowman
36:43 Plate Barding Armor
37:09 Chemistry
35:39 Hussar
39:27 Masonry
39:34 Chain Mail Armor
39:10 Fletching
39:57 Crop Rotation
40:29 Two-Man Saw
40:42 Plate Mail Armor
41:49 Arson
42:37 Architecture
43:28 Bodkin Arrow
43:54 Citadels
43:54 Murder Holes
45:52 Cavalier
48:23 Thumb Ring
50:01 Leather Archer Armor
5679325949
8:48 Loom
11:46 Feudal Age
12:43 Double-Bit Axe
15:54 Castle Age
14:30 Forging
15:26 Horse Collar
17:14 Fletching
17:49 Bodkin Arrow
30:59 Wheelbarrow
32:56 Bow Saw
33:22 Heavy Plow
37:47 Imperial Age
36:59 Iron Casting
36:25 Scale Mail Armor
36:30 Scale Barding Armor
36:46 Gold Mining
37:07 Gambesons
37:23 Squires
37:08 Arson
38:07 Chain Mail Armor
40:02 Conscription
41:13 Stirrups
42:21 Blast Furnace
41:52 Plate Mail Armor
41:42 Chain Barding Armor
Connection lost

Rejoining the realm…

Still unreachable

The connection could not be restored.

Session expired

The server has moved on; the page needs a fresh start.